SNL (28 & UNDER)
MEMPHIS BLUES @ SALEM SILVER SOULS
05/17/2024
 
TOP OF THE 1ST
Memphis Blues batting - Pitching for Salem Silver Souls : RHP Manuel Fuentes
Pitching: RHP Manuel Fuentes
Batting: RHB Jorge Domínguez 0-0: Ball
1-0: Ball
2-0: Called Strike
2-1: Swinging Strike
2-2: Ball
3-2: Foul Ball, location: 2F
3-2: Strikes out swinging
Batting: RHB Dave Wookey 0-0: Called Strike
0-1: Foul Ball, location: 2F
0-2: Ball
1-2: Ball
2-2: SINGLE (Groundball, 6MD)
Batting: RHB Dale Taylor 0-0: Ball
1-0: Called Strike
Dave Wookey steals 2nd base
1-1: Ball
2-1: Foul Ball, location: 2F
2-2: Ball
3-2: SINGLE (Line Drive, 6MD)
Dave Wookey to third
Runner from 3rd tries for Home, SAFE, no throw or cutoff
Batting: RHB Bob Orr 0-0: Called Strike
0-1: Ball
1-1: Foul Ball, location: 2F
1-2: Strikes out swinging
Batting: LHB Arturo Rivera 0-0: Ground out U3 (Groundball, 3S)
Top of the 1st over - 1 run(s), 2 hit(s), 0 error(s), 1 left on base; Memphis 1 - Salem 0
BOTTOM OF THE 1ST
Salem Silver Souls batting - Pitching for Memphis Blues : RHP Kunihiko Daikawa
Pitching: RHP Kunihiko Daikawa
Batting: RHB Félix García 0-0: Ball
1-0: Reached on error, E5 (Groundball, 5S)
Batting: RHB Jesús Gutiérrez 0-0: Ball
1-0: Ball
2-0: Swinging Strike
2-1: Fly out, F3 (Popup, 3SF)
Batting: RHB Juan Vareas 0-0: Swinging Strike
0-1: DOUBLE (Line Drive, 8LXD)
Félix García to third
Batting: RHB Gustavo Pagán 0-0: Ball
1-0: Ball
2-0: DOUBLE (Flyball, 9LS)
Félix García scores
Juan Vareas scores
Batting: LHB Raúl Cordero 0-0: Ball
1-0: Ball
2-0: 2-RUN HOME RUN (Line Drive, 7LD), Distance : 352 ft
Batting: LHB Millard Dye 0-0: Foul Ball, location: 2F
0-1: Swinging Strike
0-2: Strikes out swinging
Batting: LHB Bill Smith 0-0: Ground out 5-3 (Groundball, 5S)
Bottom of the 1st over - 4 run(s), 3 hit(s), 1 error(s), 0 left on base; Memphis 1 - Salem 4
TOP OF THE 2ND
Memphis Blues batting - Pitching for Salem Silver Souls : RHP Manuel Fuentes
Batting: RHB Sadao Kato 0-0: Swinging Strike
0-1: Ground out 6-3 (Groundball, 56)
Batting: RHB Glenn Johnson 0-0: Called Strike
0-1: Ball
1-1: Foul Ball, location: 2F
1-2: Ball
2-2: Strikes out swinging
Batting: RHB Raúl Perales 0-0: SINGLE (Line Drive, 34)
Batting: RHB Dale O'Feennaghty 0-0: Foul Ball, location: 2F
0-1: Foul Ball, location: 2F
0-2: Strikes out looking
Top of the 2nd over - 0 run(s), 1 hit(s), 0 error(s), 1 left on base; Memphis 1 - Salem 4
BOTTOM OF THE 2ND
Salem Silver Souls batting - Pitching for Memphis Blues : RHP Kunihiko Daikawa
Batting: RHB Alejandro Martínez 0-0: Called Strike
0-1: Ball
1-1: Swinging Strike
1-2: Ball
2-2: Ball
3-2: Base on Balls
Batting: SHB Francis Shaffer 0-0: Swinging Strike
0-1: Swinging Strike
0-2: Ball
1-2: Ball
2-2: Strikes out swinging
Batting: RHB Félix García 0-0: Ball
1-0: SINGLE (Groundball, 5L)
Alejandro Martínez to second
Batting: RHB Jesús Gutiérrez 0-0: Ball
1-0: Called Strike
1-1: Foul Ball, location: 2F
1-2: Strikes out swinging
Batting: RHB Juan Vareas 0-0: Ball
1-0: Fly out, F9 (Flyball, 9M)
Bottom of the 2nd over - 0 run(s), 1 hit(s), 0 error(s), 2 left on base; Memphis 1 - Salem 4
TOP OF THE 3RD
Memphis Blues batting - Pitching for Salem Silver Souls : RHP Manuel Fuentes
Batting: RHB Jorge Domínguez 0-0: Called Strike
0-1: Swinging Strike
0-2: Ball
1-2: Ball
2-2: Strikes out swinging
Batting: RHB Dave Wookey 0-0: Ball
1-0: Ball
2-0: Called Strike
2-1: TRIPLE (Flyball, 89M)
Batting: RHB Dale Taylor 0-0: Fly out, F7 (Flyball, 7M)
Runner from 3rd tags up, SCORES, throw made
Batting: RHB Bob Orr 0-0: Ball
1-0: Ball
2-0: Ground out 1-3 (Groundball, 15)
Top of the 3rd over - 1 run(s), 1 hit(s), 0 error(s), 0 left on base; Memphis 2 - Salem 4
BOTTOM OF THE 3RD
Salem Silver Souls batting - Pitching for Memphis Blues : RHP Kunihiko Daikawa
Batting: RHB Gustavo Pagán 0-0: Called Strike
0-1: Swinging Strike
0-2: Ground out 6-3 (Groundball, 6)
Batting: LHB Raúl Cordero 0-0: DOUBLE (Line Drive, 7LS)
Batting: LHB Millard Dye 0-0: Ball
1-0: Ball
2-0: Fly out, F7 (Flyball, 7M)
Batting: LHB Bill Smith 0-0: Ball
1-0: Ball
2-0: Foul Ball, location: 2F
2-1: SINGLE (Line Drive, 4M)
Raúl Cordero to third
Runner from 3rd tries for Home, SAFE, no throw or cutoff
Batting: RHB Alejandro Martínez 0-0: Ball
1-0: Ball
2-0: Called Strike
2-1: Fly out, F8 (Flyball, 8RXD)
Bottom of the 3rd over - 1 run(s), 2 hit(s), 0 error(s), 1 left on base; Memphis 2 - Salem 5
TOP OF THE 4TH
Memphis Blues batting - Pitching for Salem Silver Souls : RHP Manuel Fuentes
Batting: LHB Arturo Rivera 0-0: Ball
1-0: Foul Ball, location: 2F
1-1: Ground out 4-3 (Groundball, 4M)
Batting: RHB Sadao Kato 0-0: Fly out, F5 (Popup, 5)
Batting: RHB Glenn Johnson 0-0: Foul Ball, location: 2F
0-1: Foul Ball, location: 2F
0-2: Foul Ball, location: 2F
0-2: Ball
1-2: Strikes out swinging
Top of the 4th over - 0 run(s), 0 hit(s), 0 error(s), 0 left on base; Memphis 2 - Salem 5
BOTTOM OF THE 4TH
Salem Silver Souls batting - Pitching for Memphis Blues : RHP Kunihiko Daikawa
Batting: SHB Francis Shaffer 0-0: Bunt missed!
0-1: Ball
1-1: SINGLE (Groundball, 34D)
Batting: RHB Félix García 0-0: Ball
1-0: Ball
Francis Shaffer steals 2nd base
2-0: Called Strike
2-1: Called Strike
2-2: Foul Ball, location: 2F
2-2: Strikes out swinging
Batting: RHB Jesús Gutiérrez 0-0: Called Strike
0-1: Ball
1-1: Foul Ball, location: 2F
1-2: Ground out 1-3 (Groundball, 13S)
Francis Shaffer to third
Batting: RHB Juan Vareas 0-0: Foul Ball, location: 2F
0-1: SINGLE (Line Drive, 7S)
Francis Shaffer scores
Batting: RHB Gustavo Pagán 0-0: Called Strike
Juan Vareas steals 2nd base
0-1: Called Strike
0-2: Ground out 6-3 (Groundball, 6)
Bottom of the 4th over - 1 run(s), 2 hit(s), 0 error(s), 1 left on base; Memphis 2 - Salem 6
TOP OF THE 5TH
Memphis Blues batting - Pitching for Salem Silver Souls : RHP Manuel Fuentes
Batting: RHB Raúl Perales 0-0: Ball
1-0: Called Strike
1-1: Foul Ball, location: 2F
1-2: Strikes out swinging, 2-3 out at first.
Batting: RHB Dale O'Feennaghty 0-0: Called Strike
0-1: Foul Ball, location: 2F
0-2: Ball
1-2: Ball
2-2: Foul Ball, location: 2F
2-2: Foul Ball, location: 2F
2-2: Strikes out looking
Batting: RHB Jorge Domínguez 0-0: Ball
1-0: Foul Ball, location: 2F
1-1: Swinging Strike
1-2: Foul Ball, location: 2F
1-2: Ball
2-2: Strikes out swinging
Top of the 5th over - 0 run(s), 0 hit(s), 0 error(s), 0 left on base; Memphis 2 - Salem 6
BOTTOM OF THE 5TH
Salem Silver Souls batting - Pitching for Memphis Blues : RHP Kunihiko Daikawa
Batting: LHB Raúl Cordero 0-0: Ball
1-0: Ball
2-0: Called Strike
2-1: Ball
3-1: Base on Balls
Batting: LHB Millard Dye 0-0: Foul Ball, location: 2F
0-1: Ball
1-1: Fly out, F7 (Flyball, 7D)
Batting: LHB Bill Smith 0-0: Fielders Choice at 2nd, 4-6 (Groundball, 4)
Batting: RHB Alejandro Martínez 0-0: Called Strike
0-1: Ground out 5-3 (Groundball, 5)
Bottom of the 5th over - 0 run(s), 0 hit(s), 0 error(s), 1 left on base; Memphis 2 - Salem 6
TOP OF THE 6TH
Memphis Blues batting - Pitching for Salem Silver Souls : RHP Manuel Fuentes
Batting: RHB Dave Wookey 0-0: Swinging Strike
0-1: Ball
1-1: Swinging Strike
1-2: Foul Ball, location: 2F
1-2: Foul Ball, location: 2F
1-2: Fly out, F8 (Line Drive, 8LD)
Pitching: RHP Dave Woods
Batting: RHB Dale Taylor 0-0: Called Strike
0-1: Ball
1-1: Called Strike
1-2: Ball
2-2: Strikes out swinging
Pitching: RHP Javier Valenzuela
Batting: RHB Bob Orr 0-0: Swinging Strike
0-1: Swinging Strike
0-2: Foul Ball, location: 2F
0-2: Ball
1-2: Foul Ball, location: 2F
1-2: DOUBLE (Line Drive, 8RXD)
Batting: LHB Arturo Rivera 0-0: Ball
1-0: Foul Ball, location: 2F
1-1: Swinging Strike
1-2: Ball
2-2: Foul Ball, location: 2F
2-2: Strikes out swinging
Top of the 6th over - 0 run(s), 1 hit(s), 0 error(s), 1 left on base; Memphis 2 - Salem 6
BOTTOM OF THE 6TH
Salem Silver Souls batting - Pitching for Memphis Blues : RHP Kunihiko Daikawa
Pitching: RHP Lee Donahue
Batting: SHB Francis Shaffer 0-0: Fly out, F8 (Flyball, 8RD)
Batting: RHB Félix García 0-0: Ball
1-0: Called Strike
1-1: Foul Ball, location: 2F
1-2: Strikes out swinging
Batting: RHB Jesús Gutiérrez 0-0: Foul Ball, location: 2F
0-1: SINGLE (Groundball, 5S) (infield hit)
Batting: RHB Juan Vareas 0-0: Ball
1-0: Ball
2-0: Ball
3-0: Called Strike
3-1: SINGLE (Line Drive, 7S)
Jesús Gutiérrez to second
Batting: RHB Gustavo Pagán 0-0: Called Strike
0-1: Ball
1-1: Foul Ball, location: 2F
1-2: Ball
2-2: Ball
Wild Pitch!
Jesús Gutiérrez to third
Juan Vareas to second
3-2: TRIPLE (Flyball, 8RXD)
Jesús Gutiérrez scores
Juan Vareas scores
Batting: LHB Raúl Cordero 0-0: Ball
1-0: Foul Ball, location: 2F
1-1: Foul Ball, location: 2F
1-2: Ball
2-2: Ball
Passed Ball!
Gustavo Pagán scores
3-2: SINGLE (Line Drive, 9LS)
Batting: LHB Millard Dye 0-0: Ground out 1-3 (Groundball, 15)
Bottom of the 6th over - 3 run(s), 4 hit(s), 0 error(s), 1 left on base; Memphis 2 - Salem 9
TOP OF THE 7TH
Memphis Blues batting - Pitching for Salem Silver Souls : RHP Javier Valenzuela
Batting: RHB Sadao Kato 0-0: Called Strike
0-1: Ball
1-1: Ball
2-1: Ball
3-1: Base on Balls
Batting: RHB Glenn Johnson 0-0: Called Strike
0-1: Ball
1-1: SINGLE (Groundball, 6MD)
Sadao Kato to second
Batting: RHB Raúl Perales 0-0: Grounds into double play, 5-4-3 (Groundball, 56)
Sadao Kato to third
Batting: RHB Dale O'Feennaghty 0-0: Ball
1-0: Ball
2-0: Ball
3-0: Called Strike
3-1: Swinging Strike
3-2: Fly out, F3 (Popup, 3SF)
Top of the 7th over - 0 run(s), 1 hit(s), 0 error(s), 1 left on base; Memphis 2 - Salem 9
BOTTOM OF THE 7TH
Salem Silver Souls batting - Pitching for Memphis Blues : RHP Lee Donahue
Batting: LHB Bill Smith 0-0: Ball
1-0: Ball
2-0: Fly out, F8 (Line Drive, 8RS)
Batting: RHB Alejandro Martínez 0-0: Foul Ball, location: 2F
0-1: Ball
1-1: DOUBLE (Line Drive, 5D)
Batting: SHB Francis Shaffer 0-0: Hit by Pitch
Batting: RHB Félix García 0-0: Ball
1-0: Swinging Strike
1-1: Foul Ball, location: 2F
1-2: Fielders Choice at 2nd, 6-4 (Groundball, 6M)
Alejandro Martínez to third
Batting: RHB Jesús Gutiérrez 0-0: Swinging Strike
0-1: Fly out, F3 (Popup, 9LSF)
Bottom of the 7th over - 0 run(s), 1 hit(s), 0 error(s), 2 left on base; Memphis 2 - Salem 9
TOP OF THE 8TH
Memphis Blues batting - Pitching for Salem Silver Souls : RHP Javier Valenzuela
Batting: RHB Jorge Domínguez 0-0: Foul Ball, location: 2F
0-1: Ball
1-1: Swinging Strike
1-2: Foul Ball, location: 2F
1-2: Ball
2-2: Foul Ball, location: 2F
2-2: Strikes out swinging
Batting: RHB Dave Wookey 0-0: Foul Ball, location: 2F
0-1: Swinging Strike
0-2: Ball
1-2: Ball
2-2: Ground out 4-3 (Groundball, 4M)
Batting: RHB Dale Taylor 0-0: Ball
1-0: Called Strike
1-1: SINGLE (Line Drive, 56D)
Batting: RHB Bob Orr 0-0: Ball
1-0: Ball
2-0: SINGLE (Groundball, 4MD) (infield hit)
Dale Taylor to second
Batting: LHB Arturo Rivera 0-0: SINGLE (Line Drive, 56D)
Dale Taylor to third
Bob Orr to second
Batting: RHB Sadao Kato 0-0: Ball
1-0: Swinging Strike
1-1: DOUBLE (Line Drive, 8LM)
Dale Taylor scores
Bob Orr scores
Arturo Rivera to third
Runner from 3rd tries for Home, SAFE, no throw or cutoff
Batting: RHB Glenn Johnson 0-0: SINGLE (Line Drive, 89S)
Sadao Kato to third
Runner from 3rd tries for Home, SAFE, no throw or cutoff
Batting: RHB Raúl Perales 0-0: Ball
1-0: Swinging Strike
1-1: Ball
2-1: Ball
3-1: Base on Balls
Glenn Johnson to second
Batting: RHB Dale O'Feennaghty 0-0: Ball
1-0: Ball
2-0: Ground out 5-3 (Groundball, 5L)
Top of the 8th over - 4 run(s), 5 hit(s), 0 error(s), 2 left on base; Memphis 6 - Salem 9
BOTTOM OF THE 8TH
Salem Silver Souls batting - Pitching for Memphis Blues : RHP Lee Donahue
Pitching: RHP Jerry Poole
Batting: RHB Juan Vareas 0-0: Foul Ball, location: 2F
0-1: Ball
1-1: SINGLE (Line Drive, 7LS)
Batting: RHB Gustavo Pagán 0-0: Ball
1-0: Ball
2-0: Ball
3-0: Called Strike
3-1: Base on Balls
Juan Vareas to second
Batting: LHB Raúl Cordero 0-0: Ball
1-0: Ball
2-0: Ball
3-0: Base on Balls
Juan Vareas to third
Gustavo Pagán to second
Batting: LHB Millard Dye 0-0: SINGLE (Groundball, 34)
Juan Vareas scores
Gustavo Pagán to third
Raúl Cordero to second
Batting: LHB Bill Smith 0-0: Called Strike
0-1: Swinging Strike
0-2: Ball
1-2: Ball
2-2: Foul Ball, location: 2F
2-2: Foul Ball, location: 2F
2-2: SINGLE (Line Drive, 4MD)
Gustavo Pagán scores
Raúl Cordero to third
Millard Dye to second
Batting: RHB Alejandro Martínez 0-0: Called Strike
0-1: Ball
1-1: Fly out, F8 (Flyball, 8RM)
Batting: SHB Francis Shaffer 0-0: Called Strike
0-1: Swinging Strike
0-2: Grounds into fielders choice 1-2 (Groundball, 15S)
Millard Dye to third
Bill Smith to second
Batting: RHB Félix García 0-0: Called Strike
0-1: Called Strike
0-2: Ball
1-2: Foul Ball, location: 2F
1-2: Fielders Choice at 2nd, U4 (Groundball, 4M)
Bottom of the 8th over - 2 run(s), 3 hit(s), 0 error(s), 3 left on base; Memphis 6 - Salem 11
TOP OF THE 9TH
Memphis Blues batting - Pitching for Salem Silver Souls : RHP Javier Valenzuela
Batting: RHB Jorge Domínguez 0-0: Ball
1-0: SINGLE (Line Drive, 6)
Batting: RHB Dave Wookey 0-0: Called Strike
0-1: Swinging Strike
Passed Ball!
Jorge Domínguez to second
0-2: Strikes out swinging
Pitching: RHP Andy Hickey
Batting: RHB Dale Taylor 0-0: Ball
1-0: Called Strike
1-1: Fly out, F7 (Flyball, 78D)
Batting: RHB Bob Orr 0-0: Called Strike
0-1: Called Strike
0-2: Ball
1-2: Ground out 5-3 (Groundball, 56)
Top of the 9th over - 0 run(s), 1 hit(s), 0 error(s), 1 left on base; Memphis 6 - Salem 11
This league is powered by Out of the Park Baseball, the baseball management simulation game for PC, Mac and Linux
Saturday, April 9th, 2016 - OOTP Baseball 16.8 Build 38